 Dungeon Crawl Stone Soup version bcrawl-1.21.3 (webtiles) character file.

Game seed: 5532461399361648142

195 funkygono the Conjurer (level 5, -10/46 HPs)
             Began as a Fairy Conjurer on Apr 6, 2020.
             Killed by divine providence
             ... invoked by an orc priest
              (13 damage)
             ... on level 3 of the Dungeon.
             The game lasted 00:07:17 (2415 turns).

funkygono the Conjurer (Fairy Conjurer)             Turns: 2415, Time: 00:07:17

Health: -10/46     AC: 22    Str:  6    XL:     5   Next: 74%
Magic:  2/13       EV:  3    Int: 19    God:
Gold:   268        SH:  4    Dex: 13    Spells: 6/12 levels left

rFire    x . .     SeeInvis .   i - +2 dagger (venom)
rCold    + . .     Gourm    .   (shield restricted)
rNeg     + + +     Faith    .   (armour unavailable)
rPois    +         Spirit   .   (helmet currently unavailable)
rElec    .         Reflect  .   (cloak currently unavailable)
rCorr    .         Harm     .   (gloves currently unavailable)
MR       .....     NoTele   +   (boots currently unavailable)
Stlth    +.........             (no amulet)
HPRegen  0.15/turn              j - ring of ice
MPRegen  0.13/turn              (no ring)

@: tree-form
A: small, magic attunement, unstealthy, unfitting armour, AC/SH +4
a: no special abilities


You were on level 3 of the Dungeon.
You were not hungry.
You were a tree.
You visited 1 branch of the dungeon, and saw 3 of its levels.

You collected 268 gold pieces.

Inventory:

Hand Weapons
 i - a +2 dagger of venom (weapon)
 l - a +0 club
Missiles
 p - 370 stones (quivered)
Jewellery
 j - a ring of ice (left branch)
 r - an uncursed ring of insulation {unknown}
Wands
 q - a wand of digging (8)
Scrolls
 a - a scroll of identify
 f - 3 scrolls of remove curse
 k - a scroll of amnesia {unknown}
 o - a scroll of teleportation
Potions
 b - a potion of magic
 g - 2 potions of mutation
 h - a potion of flight
 n - a potion of might {unknown}
 s - a potion of curing {unknown}
Comestibles
 d - 3 chunks of flesh
 e - 6 rations {!d}


   Skills:
 + Level 0.1 Fighting
 + Level 3.1 Dodging
 + Level 1.7 Stealth
 + Level 4.3 Spellcasting
 + Level 7.1 Conjurations


You had 6 spell levels left.
You knew the following spells:

 Your Spells              Type           Power        Failure   Level  Hunger
a - Magic Dart            Conj           ####         1%          1    None
b - Searing Ray           Conj           ####....     1%          2    None
c - Iskenderun's Mystic   Conj           ####....     2%          3    None

Your spell library contained the following spells:

 Spells                   Type           Power        Failure   Level  Hunger
 Fulminant Prism          Conj/Hex       ###.......   30%         4    None
 Irradiate                Conj/Tmut      ###.......   65%         5    None


Dungeon Overview and Level Annotations

Branches:
Dungeon (3/12)

Altars:
Xom

Annotations:
D:3 Grinder


Innate Abilities, Weirdness & Mutations

Your spells do not cause hunger and MP costs are reduced by 1.
Your bright wings attract enemies. (Stealth-)
You cannot fit into any form of body armour.
((Your shimmering scales are hard and can block incoming attacks. (AC +4, SH +4)))
You are small and have problems with some larger weapons.
((You can fly continuously.))


Message History

The orc is heavily wounded.
The orc hits you but does no damage.
The searing ray hits the orc!
You kill the orc!
Without enough magic to sustain it, your searing ray dissipates.
The orc priest hits you with a +0 short sword.
* * * LOW HITPOINT WARNING * * *
It was a potion of lignification.
You turn into a tree.
Your roots penetrate the ground.
The orc priest hits you but does no damage.
You hit the orc priest.
The orc priest is heavily wounded.
The orc priest hits you but does no damage.
Grinder gestures at you. You resist with significant effort.
You hit the orc priest.
The orc priest is poisoned.
The orc priest is heavily wounded.
The orc priest invokes the aid of Beogh against you.
Beogh smites you!
You die...

# #..........÷)...#.#
########.##.####.####..###
..........#.# #.# #..#
..#.......#.# #.####..##
..........#.####........#
........................#
.#####.........5.####.###
.# ##.########.# #.# .#
#.# #♣# #.# .# #.# #o# #.#
.. #.# ##o# #.# .. #.#
##.†####.### . #.#
#..........# ## #.#
#.)#######.####### #..#
#.÷....# #..# ########
#..#


You could see Grinder, an orc priest and an orc.

Vanquished Creatures
  Robin (D:3)
  3 adders
  2 oozes
  3 worms (D:2)
  2 dart slugs
  6 leopard geckos
  10 orcs (D:3)
  6 giant cockroaches
  12 goblins
  14 hobgoblins
  24 jackals
  2 quokkas (D:3)
  2 ball pythons (D:3)
  4 bats
  5 frilled lizards
  6 kobolds
  3 rats (D:2)
105 creatures vanquished.

Notes
Turn   | Place    | Note
-------+----------+-------------------------------------------
     0 | D:1      | funkygono the Fairy Conjurer began the quest for the Orb.
     0 | D:1      | Reached XP level 1. HP: 11/11 MP: 6/6
    66 | D:1      | Reached skill level 5 in Conjurations
    70 | D:1      | Reached XP level 2. HP: 15/17 MP: 7/7
    79 | D:1      | Learned a level 2 spell: Searing Ray
   464 | D:1      | Reached XP level 3. HP: 21/21 MP: 7/9
   469 | D:1      | Learned a level 3 spell: Iskenderun's Mystic Blast
  1130 | D:2      | Reached skill level 6 in Conjurations
  1232 | D:2      | Found a shimmering altar of Xom.
  1240 | D:2      | Reached XP level 4. HP: 27/27 MP: 11/11
  1819 | D:3      | Reached XP level 5. HP: 31/31 MP: 1/12
  1838 | D:3      | Noticed Robin
  1844 | D:3      | Killed Robin
  2002 | D:3      | Reached skill level 7 in Conjurations
  2378 | D:3      | Noticed Grinder
  2415 | D:3      | Killed from afar by an orc priest

Skill      XL: |  1  2  3  4  5 |
---------------+----------------+-----
Conjurations   | 5 6 7 |  7.1
Spellcasting   | 3 4 |  4.3
Dodging        | 3 |  3.1
Fighting       | |  0.1
Stealth        | |  1.7

Action                   |  1- 3 |  4- 6 || total
-------------------------+-------+-------++-------
Melee: Dagger            |     1 |     2 ||     3
 Cast: Magic Dart        |    42 |   116 ||   158
       Searing Ray       |     6 |    11 ||    17
       Iskenderun's Myst |       |     1 ||     1
  Use: Scroll            |     5 |     4 ||     9
       Potion            |       |     2 ||     2
  Eat: Chunk             |     1 |     3 ||     4
Armor: Skin              |     2 |     4 ||     6
Dodge: Dodged            |    14 |    12 ||    26
Block: Other             |     4 |     3 ||     7
